 Adventure DCSS version bcrawl-1.21.2-28-g2cb1824106 (webtiles) character file.

Game seed: 14608649824968526918

69 Defined the Ducker (level 4, 38/38 HPs)
             Began as a Demonspawn Gladiator on Mar 7, 2020.
             Quit the game on level 3 of the Dungeon.
             The game lasted 00:05:13 (2707 turns).

Defined the Ducker (Demonspawn Gladiator)           Turns: 2707, Time: 00:05:13

Health: 38/38      AC:  3    Str: 16    XL:     4   Next: 2%
Magic:  4/4        EV: 12    Int:  5    God:
Gold:   115        SH:  1    Dex: 14    Spells: 3/3 levels left
                                        Lives:  1   Deaths: 1

rFire    . . .     SeeInvis .   a - +0 long sword
rCold    . . .     Gourm    .   (no shield)
rNeg     . . .     Faith    .   j - +0 ring mail
rPois    .         Spirit   +   (no helmet)
rElec    .         Reflect  .   o - +0 cloak
rCorr    +         Harm     .   (no gloves)
MR       .....                  (no boots)
Stlth    ..........             (no amulet)
HPRegen  0.12/turn              l - -3 ring of protection (curse)
MPRegen  0.09/turn              f - ring of resist corrosion

@: no status effects
A: hooves 1, deterioration 1, dopey 2, robust 1, wild magic 1, magic shield,
MP-powered wands
a: no special abilities


You were on level 3 of the Dungeon.
You were not hungry.

You visited 1 branch of the dungeon, and saw 3 of its levels.

You collected 115 gold pieces.

Inventory:

Hand Weapons
 a - a +0 long sword (weapon)
Missiles
 d - 3 throwing nets (quivered) {!f}
 k - 155 poisoned needles
Armour
 c - a +0 helmet
 j - a +0 ring mail (worn)
 o - a +0 cloak (worn)
Jewellery
 f - a ring of resist corrosion (right hand)
 l - a cursed -3 ring of protection (left hand)
Potions
 b - a potion of haste {unknown}
 g - a potion of heal wounds {unknown}
 h - 2 potions of curing {unknown}
 i - a potion of invisibility {unknown}
 n - 2 potions of agility {unknown}
Comestibles
 e - 4 rations {!d}
 m - 2 chunks of flesh


   Skills:
 + Level 3.2 Fighting
 + Level 3.5 Long Blades
 - Level 1.7 Throwing
 + Level 3.5 Dodging


You had 3 spell levels left.
You didn't know any spells.
Your spell library was empty.

Dungeon Overview and Level Annotations

Branches:
Dungeon (3/12)

Altars:
Cheibriados


Innate Abilities, Weirdness & Mutations

You have large cloven feet.
When hurt, damage is shared between your health and your magic reserves.
Your body sometimes deteriorates upon taking damage.
You are very dopey. (Int -4)
You are robust. (+10% HP)
Your spells are a little harder to cast, but a little more powerful.
You expend magic power (3 MP) to strengthen your wands.


Message History

You miss the leopard gecko.
You kick the leopard gecko, but do no damage.
The leopard gecko bites you.
You hit the leopard gecko. You kick the leopard gecko.
You kill the leopard gecko!
Welcome back to level 4!
Found a stone staircase leading down.
There is an open door here.
You see here a leopard gecko corpse.
You butcher the leopard gecko corpse.
m - 2 chunks of flesh
There is an open door here.
You see here a leopard gecko skeleton.
An orc comes into view.
The orc shouts!
You don't know any spells.
Are you sure you want to abandon this character and quit the game? (Confirm with "yes".)
Okay, then.
You don't know any spells.
Are you sure you want to abandon this character and quit the game? (Confirm with "yes".)

.. #.# ##+# ... ##...#
#.# ##.....## ### #.#
#.......## ##.###.#
...o...@.####...##.#####
.........รท..............
.........#[##...#..#####
#.>.....##.##......#
##.....###.##.###.##
##...# #.##.# #.# ##+#
#.##.# #.# #..... ..# ###
.# ###


You could see an orc.

Vanquished Creatures
  A worker ant (D:3)
  2 gnolls (D:3)
  An adder (D:3)
  2 oozes (D:2)
  2 worms
  3 leopard geckos
  2 giant cockroaches
  7 hobgoblins
  3 jackals (D:2)
  5 kobolds
  A bat (D:2)
  4 frilled lizards
  5 goblins
  7 rats
45 creatures vanquished.

Notes
Turn   | Place    | Note
-------+----------+-------------------------------------------
     0 | D:1      | Defined the Demonspawn Gladiator began the quest for the
                  | Orb.
     0 | D:1      | Reached XP level 1. HP: 16/16 MP: 1/1
   181 | D:1      | Gained mutation: When hurt, damage is shared between your
                  | health and your magic reserves. [demonic ancestry]
   181 | D:1      | Reached XP level 2. HP: 22/22 MP: 2/2
   718 | D:2      | Noticed a phantom
   995 | D:2      | Reached XP level 3. HP: 26/28 MP: 3/3
  1144 | D:2      | Found a snail-covered altar of Cheibriados.
  1374 | D:2      | HP: 1/28 [worm (7)]
  2206 | D:3      | Gained mutation: You have large cloven feet. [demonic
                  | ancestry]
  2206 | D:3      | Reached XP level 4. HP: 8/35 MP: 1/4
  2207 | D:3      | Slain by an orc
  2208 | D:3      | Reached XP level 3. HP: 0/29 MP: 0/3
  2509 | D:3      | Gained mutation: You are resistant to electric shocks.
                  | (rElec) [potion of mutation]
  2509 | D:3      | Gained mutation: You have a pair of small antennae on your
                  | head. [potion of mutation]
  2510 | D:3      | Lost mutation: You are resistant to electric shocks.
                  | (rElec) [potion of mutation]
  2510 | D:3      | Lost mutation: You have a pair of small antennae on your
                  | head. [potion of mutation]
  2510 | D:3      | Gained mutation: Your body sometimes deteriorates upon
                  | taking damage. [potion of mutation]
  2510 | D:3      | Gained mutation: You are frail. (-10% HP) [potion of
                  | mutation]
  2510 | D:3      | Gained mutation: You expend magic power (3 MP) to
                  | strengthen your wands. [potion of mutation]
  2510 | D:3      | Gained mutation: Your natural rate of healing is unusually
                  | fast. [potion of mutation]
  2511 | D:3      | Lost mutation: You are frail. (-10% HP) [potion of
                  | mutation]
  2511 | D:3      | Lost mutation: Your natural rate of healing is unusually
                  | fast. [potion of mutation]
  2511 | D:3      | Gained mutation: You are robust. (+10% HP) [potion of
                  | mutation]
  2511 | D:3      | Gained mutation: You are dopey. (Int -2) [potion of
                  | mutation]
  2511 | D:3      | Gained mutation: You are very dopey. (Int -4) [potion of
                  | mutation]
  2511 | D:3      | Gained mutation: Your spells are a little harder to cast,
                  | but a little more powerful. [potion of mutation]
  2684 | D:3      | Reached XP level 4. HP: 35/38 MP: 2/4
  2707 | D:3      | Quit the game

Skill      XL: |  1  2  3 |
---------------+----------+-----
Long Blades    | 3 |  3.5
Dodging        | 3 |  3.5
Fighting       | 3 |  3.2
Throwing       | |  1.7

Action                   |  1- 3 |  4- 6 || total
-------------------------+-------+-------++-------
Melee: Long sword        |   186 |     1 ||   187
       Kick              |     7 |     1 ||     8
Throw: Throwing net      |     3 |       ||     3
  Use: Potion            |     3 |       ||     3
       Scroll            |     2 |       ||     2
 Stab: Sleeping          |     1 |       ||     1
  Eat: Chunk             |     4 |       ||     4
Armor: Leather armour    |     9 |       ||     9
       Ring mail         |    33 |       ||    33
Dodge: Dodged            |   116 |     1 ||   117
Block: Other             |     2 |       ||     2
